 Dungeon Crawl Stone Soup version 0.28-a0-1235-g7c8fac35f0 (webtiles) character file.

Game seed: 3423519691339460980

5532 r3xj the Basher (level 10, 0/93 HPs)
             Began as a Minotaur Fighter on Dec 24, 2021.
             Was a Believer of Okawaru.
             Slain by a hornet (7 damage)
             ... on level 10 of the Dungeon.
             The game lasted 00:14:25 (9939 turns).

r3xj the Basher (Minotaur Fighter)                  Turns: 9939, Time: 00:14:25

Health: 0/93       AC: 18    Str: 25    XL:     10   Next: 43%
Magic:  0/9        EV: 10    Int:  5    God:    Okawaru [**....]
Gold:   491        SH:  4    Dex: 10    Spells: 9/9 levels left

rFire   . . .      SeeInvis .   s - +2 mace (protect)
rCold   + . .      Faith    .   c - +0 buckler
rNeg    + . .      Spirit   +   b - +0 scale mail
rPois   +          Reflect  .   (helmet restricted)
rElec   .          Harm     .   r - +0 cloak
rCorr   .          Rampage  .   (no gloves)
Will    .....      NoCast   +   A - +0 pair of boots "Visijo Wet" {-Cast rPois rC+}
Stlth   ..........              x - amulet of guardian spirit
HPRegen 0.25/turn               y - ring of positive energy
MPRegen 0.11/turn               (no ring)

@: mighty, under a protective aura
A: horns 2, retaliatory headbutt
a: Renounce Religion, Heroism


You were on level 10 of the Dungeon.
You worshipped Okawaru.
Okawaru was pleased with you.
You visited 2 branches of the dungeon, and saw 11 of its levels.

You collected 491 gold pieces.

Inventory:

Hand Weapons
 a - a +0 flail
 q - a +2 quarterstaff of chaos
 s - a +2 mace of protection (weapon)
 u - a +0 mace of draining
 G - a +2 vorpal flail
Missiles
 F - 49 poisoned darts (quivered)
Armour
 b - a +0 scale mail (worn)
 c - a +0 buckler (worn)
 r - a +0 cloak (worn)
 A - the +0 pair of boots "Visijo Wet" (worn) {-Cast rPois rC+}
   (You found it on level 4 of the Dungeon)

   rC:        It protects you from cold.
   rPois:     It protects you from poison.
   -Cast:     It prevents spellcasting.
 J - +0 steam dragon scales
Jewellery
 x - an amulet of guardian spirit (around neck)
 y - a ring of positive energy (left hand)
 D - an amulet of the acrobat
 I - a ring of ice
 L - an amulet of regeneration
 O - a +6 ring of strength
 P - a +4 ring of evasion
Wands
 B - a wand of digging (8)
 K - a wand of acid (6)
 M - a wand of flame (7)
 N - a wand of mindburst (6)
Scrolls
 e - a scroll of noise {unknown}
 g - a scroll of holy word {unknown}
 i - 8 scrolls of identify {unknown}
 j - 3 scrolls of vulnerability {unknown}
 m - 4 scrolls of teleportation {unknown}
 n - a scroll of magic mapping {unknown}
 o - a scroll of amnesia {unknown}
 p - 2 scrolls of fog {unknown}
 t - a scroll of enchant weapon {unknown}
 v - a scroll of acquirement {unknown}
 E - 3 scrolls of blinking {unknown}
Potions
 f - 2 potions of berserk rage {unknown}
 h - a potion of brilliance {unknown}
 k - a potion of magic {unknown}
 l - a potion of mutation {unknown}
 w - a potion of curing
 z - 2 potions of attraction {unknown}
 C - 2 potions of lignification {unknown}
 H - a potion of haste {unknown}
 Q - a potion of degeneration {unknown}


   Skills:
 + Level 10.2 Fighting
 * Level 13.0 Maces & Flails
 + Level 10.2 Armour
 - Level 4.0 Shields


You had 9 spell levels left.
You didn't know any spells.
Your spell library contained the following spells:

 Spells                   Type           Power      Damage    Failure   Level
 Sandblast                Erth           0%         2d4       71%         1
 Slow                     Hex            0%         N/A       71%         1
 Corpse Rot               Necr/Air       0%         N/A       85%         2
 Passwall                 Tmut/Erth      0%         N/A       85%         2
 Confusing Touch          Hex            0%         N/A       97%         3
 Frozen Ramparts          Ice            0%         1d2       97%         3
 Gell's Gravitas          Tloc           0%         N/A       97%         3
 Stone Arrow              Conj/Erth      0%         3d7       97%         3
 Teleport Other           Tloc           0%         N/A       97%         3
 Vampiric Draining        Necr           0%         2d6       97%         3
 Dispel Undead            Necr           0%         3d6       100%        4
 Ice Form                 Ice/Tmut       0%         N/A       100%        4
 Dispersal                Tloc           0%         N/A       100%        6
 Summon Ice Beast         Ice/Summ       Unusable   N/A       N/A         4
 Death Channel            Necr           Unusable   N/A       N/A         6

Dungeon Overview and Level Annotations

Branches:
Dungeon (10/15)            Temple (1/1) D:6
   Lair: D:8-11         Orc: D:9-12

Altars:
Ashenzari
Cheibriados
Dithmenos
Elyvilon
Fedhas
Gozag
Hepliaklqana
Kikubaaqudgha
Makhleb
Nemelex Xobeh
Okawaru
Qazlal
Ru
Sif Muna
Trog
Uskayaw
Vehumet
Wu Jian
Xom
Yredelemnul
Zin
The Shining One

Shops:
D:2 [   D:7 :   D:9 (


Innate Abilities, Weirdness & Mutations

You have a pair of horns on your head.
You reflexively headbutt those who attack you in melee.


Message History

You hit the yak. Your headbutt misses the yak.
The yak is severely wounded.
The yak closely misses you. The yak gores you but does no damage.
You completely miss the yak.
The yak is severely wounded.
You block the yak's attack. The yak gores you but does no damage.
The yak gores you.
* * * LOW HITPOINT WARNING * * *
The yak gores you!
* * * LOW HITPOINT WARNING * * *
You bludgeon the yak!!
You kill the yak!
Okawaru accepts your kill. The yak misses you. The yak barely misses you.
You furiously retaliate!
You headbutt the yak! The yak gores you.
* * * LOW HITPOINT WARNING * * *
Your Maces & Flails skill increases to level 13!
The yak snorts and paws the ground.
The hornet stings you.
* * * LOW HITPOINT WARNING * * *
The hornet stings you but does no damage.
There is a stone staircase leading down here.
The hornet stings you but does no damage.
You climb downwards.
There is a stone staircase leading up here.
You miss the hornet. You headbutt the hornet!
The hornet is moderately wounded.
The hornet stings you.
* * * LOW HITPOINT WARNING * * *
The hornet stings you but does no damage.
You completely miss the hornet. Your headbutt misses the hornet.
The hornet is moderately wounded.
The hornet closely misses you. You furiously retaliate!
You headbutt the hornet. You hit the hornet.
Your weapon exudes an aura of protection.
You headbutt the hornet.
The hornet is heavily wounded.
The hornet stings you!
You die...

#####
#.y@#
#.#.#
# #..
####


You could see a hornet.

Vanquished Creatures
  A cyclops (D:7)
  Prince Ribbit (D:6)
  Grinder (D:4)
  Sigmund (D:4)
  A wyvern (D:7)
  3 yaks (D:9)
  Eustachio (D:6)
  2 steam dragons
  Edmund (D:6)
  Menkaure (D:6)
  2 sky beasts
  2 black bears
  4 necrophages
  An ice beast (D:7)
  An ogre (D:4)
  A centaur (D:8)
  A kobold brigand (D:6)
  A phantom (D:6)
  2 scorpions
  2 wyvern zombies
  A water moccasin zombie (D:5)
  2 water moccasin skeletons
  14 wights
  4 killer bees (D:8)
  3 hounds
  4 jellies
  2 orc priests (D:6)
  A bullfrog zombie (D:6)
  3 centaur zombies
  4 centaur skeletons
  A gnoll shaman (D:9)
  Crazy Yiuf (D:3)
  Natasha (thrice) (D:2)
  6 orc wizards (D:8)
  A hound zombie (D:5)
  2 hound skeletons
  2 howler monkey zombies (D:8)
  10 adders
  3 gnolls (D:9)
  3 howler monkey skeletons
  3 ufetubi
  A worm (D:3)
  A dart slug (D:5)
  17 orcs
  4 bats
  4 endoplasms
  4 giant cockroaches
  6 goblins
  5 hobgoblins
  8 jackals
  3 quokkas
  5 ball pythons
  3 frilled lizards
  6 kobolds
  9 rats
179 creatures vanquished.

Vanquished Creatures (others)
  A hound (D:6)
1 creature vanquished.

Grand Total: 180 creatures vanquished

Notes
Turn   | Place    | Note
-------+----------+-------------------------------------------
     0 | D:1      | r3xj the Minotaur Fighter began the quest for the Orb.
     0 | D:1      | Reached XP level 1. HP: 19/19 MP: 0/0
   168 | D:1      | Reached XP level 2. HP: 23/27 MP: 1/1
   652 | D:1      | Found a faded altar of an unknown god.
  1075 | D:2      | Noticed Natasha
  1081 | D:2      | Noticed a crimson imp
  1084 | D:2      | Killed Natasha
  1085 | D:2      | Reached skill level 3 in Maces & Flails
  1085 | D:2      | Reached XP level 3. HP: 6/33 MP: 2/2
  1574 | D:2      | Found Fotosej's Antique Armour Shop.
  1892 | D:2      | Noticed Natasha
  1898 | D:2      | Killed Natasha
  1899 | D:2      | Reached XP level 4. HP: 37/41 MP: 3/3
  2042 | D:2      | Noticed Natasha
  2048 | D:2      | Killed Natasha
  2786 | D:3      | Reached skill level 4 in Maces & Flails
  2786 | D:3      | Reached XP level 5. HP: 47/47 MP: 4/4
  2815 | D:3      | Reached skill level 5 in Fighting
  2815 | D:3      | Reached skill level 5 in Armour
  3062 | D:3      | Found a runed translucent door.
  3063 | D:3      | Noticed Crazy Yiuf
  3145 | D:3      | Killed Crazy Yiuf
  3398 | D:4      | Reached XP level 6. HP: 53/56 MP: 5/5
  3494 | D:4      | Reached skill level 5 in Maces & Flails
  3608 | D:4      | Noticed Sigmund
  3621 | D:4      | Killed Sigmund
  3622 | D:4      | Reached skill level 6 in Maces & Flails
  3622 | D:4      | Reached XP level 7. HP: 44/63 MP: 6/6
  3875 | D:4      | Noticed Grinder
  3881 | D:4      | Killed Grinder
  3882 | D:4      | Reached skill level 7 in Maces & Flails
  4042 | D:4      | Identified the +0 pair of boots "Visijo Wet" {-Cast rPois
                  | rC+}
  4071 | D:5      | Entered Level 5 of the Dungeon
  4336 | D:5      | Reached XP level 8. HP: 69/71 MP: 5/7
  4402 | D:5      | Reached skill level 8 in Maces & Flails
  4936 | D:6      | Noticed Edmund
  4937 | D:6      | Noticed Prince Ribbit
  5035 | D:6      | Noticed Menkaure
  5344 | D:6      | Killed Menkaure
  5376 | D:6      | Reached skill level 9 in Maces & Flails
  5388 | D:6      | Killed Prince Ribbit
  5560 | D:6      | Killed Edmund
  5561 | D:6      | Reached XP level 9. HP: 67/81 MP: 6/8
  5694 | D:6      | Reached skill level 10 in Maces & Flails
  5795 | D:6      | Noticed Eustachio
  5802 | D:6      | Killed Eustachio
  6308 | D:6      | Found a staircase to the Ecumenical Temple.
  6548 | Temple   | Entered the Ecumenical Temple
  7044 | Temple   | Became a worshipper of Warmaster Okawaru
  7156 | D:7      | Reached skill level 11 in Maces & Flails
  7442 | D:7      | Found a hide-covered altar of Uskayaw.
  7459 | D:7      | Noticed a cyclops
  7470 | D:7      | Killed a cyclops
  7559 | D:7      | Found Qeschael's Book Shoppe.
  7670 | D:7      | Reached * piety under Okawaru
  8367 | D:8      | Reached skill level 12 in Maces & Flails
  8367 | D:8      | Reached XP level 10. HP: 82/91 MP: 6/9
  9497 | D:9      | Found Kaceoz's Weapon Shoppe.
  9651 | D:9      | Reached skill level 10 in Fighting
  9661 | D:9      | Reached ** piety under Okawaru
  9662 | D:9      | Reached skill level 10 in Armour
  9920 | D:9      | Reached skill level 13 in Maces & Flails
  9936 | D:10     | Entered Level 10 of the Dungeon
  9939 | D:10     | Slain by a hornet

Illustrated notes

Levels and vault maps discovered:
D:1:      denvon_arrival_waterhouse, layout_basic,
          hellmonk_ecumenical_altar_lost_god, minmay_tetromino_s4
D:2:      layout_basic, serial_shops, nicolae_shop_hallway_plus,
          minmay_close_crescents, uniq_natasha
D:3:      layout_basic, uniq_crazy_yiuf_cottage
D:4:      layout_cave_pools, uniq_sigmund, uniq_grinder
D:5:      layout_gridville
D:6:      layout_cave_pools, minmay_temple_entry_fiery, uniq_menkaure,
          uniq_prince_ribbit1, uniq_edmund, uniq_eustachio
D:7:      layout_basic, nicolae_uskayaw_dance_hall, serial_co_window_serial,
          co_window_corner_a, co_window_cross_1, co_window_corner_a,
          co_window_paths_a, co_window_paths_a, co_window_corner_a,
          co_window_corner_a, co_window_of_opportunity_b, co_window_broadway_c,
          co_window_corner_ca, co_window_cross_4, co_window_corner_b,
          co_window_paths_d, serial_shops, shop
D:8:      layout_basic, serial_curves, eino_curves_02, eino_curves_02,
          eino_curves_03, eino_curves_04, kennysheep_path_1
D:9:      layout_basic, gammafunk_ghost_stat_death, serial_shops,
          nicolae_shop_bloodbath_and_beyond
D:10:     layout_roguey, lair_entry_dummy
Temple:   mainiacjoe_temple_starburst

Skill      XL: |  1  2  3  4  5  6  7  8  9 10 |
---------------+-------------------------------+-----
Armour         | 4 5 6 8 9 10 | 10.2
Fighting       | 4 5 6 8 9 10 | 10.2
Shields        | 4 |  4.0
Maces & Flails | 3 4 6 7 9 12 13 | 13.0

Action                   |  1- 3 |  4- 6 |  7- 9 | 10-12 || total
-------------------------+-------+-------+-------+-------++-------
Melee: Flail             |    78 |    55 |       |       ||   133
       Headbutt          |    10 |    17 |    60 |    29 ||   116
       Mace              |       |    44 |   233 |   158 ||   435
Throw: Dart              |       |       |     8 |       ||     8
  Use: Potion            |       |       |       |     1 ||     1
Armor: Scale mail        |    37 |    56 |   126 |   100 ||   319
Dodge: Dodged            |    29 |    52 |   107 |    72 ||   260
Block: Buckler           |     9 |    23 |    46 |    36 ||   114

Table legend: (Time is in decaauts)
 A = Elapsed time spent in this place.
 B = Non-inter-level travel time spent in this place.
 C = Inter-level travel time spent in this place.
 D = Time resting spent in this place.
 E = Time spent auto-exploring this place.
 F = Levels seen in this place.
 G = Mean time per level.
                   A        B        C        D        E       F      G
               +--------+--------+--------+--------+--------+-----+--------+
         Total |   9931 |   9400 |    531 |    547 |   7597 |  11 |  902.8 |
       Dungeon |   9380 |   8954 |    426 |    547 |   7171 |  10 |  938.0 |
        Temple |    550 |    445 |    105 |      0 |    426 |   1 |  550.0 |
               +--------+--------+--------+--------+--------+-----+--------+

Top non-repeatable levels by time:
     D:6: 1269 daAuts
     D:5: 1232 daAuts
     D:2: 1187 daAuts
     D:8: 1176 daAuts
     D:7: 1160 daAuts
     D:1: 1086 daAuts
     D:3: 1075 daAuts
     D:4: 759 daAuts
  Temple: 550 daAuts
     D:9: 432 daAuts
    D:10: 2 daAuts
